Cogmind - Beta 15 @@@ ROGUE MODE // 2025.09.23 @ 21:33:33 Player: beans Result: Destroyed by T9-YOX(h) with Bolt Gun Performance ------------- Evolutions (0) 0 Regions Visited (3) 600 Robots Destroyed (5) 25 Value Destroyed (117) 117 Prototype IDs (27) 540 Alien Tech Used (0) 0 Bonus (1553) 1553 TOTAL SCORE: 2835 Bonus ------- Follower Combat Kills 753 Registered with UFD 300 Met Optimus in HQ 500 Cogmind --------- Core Integrity 0/250 Matter 300/300 Energy 100/100 System Corruption 0% Temperature Cool (0) Movement Core (100) Ox1 Location -8/Scraptown Parts ------- > --- POWER (1) -------- (None) > --- PROPULSION (2) --- (None) > --- UTILITY (2) ------ Core Analyzer > --- WEAPON (2) ------- Companion Sword > --- INVENTORY (5) ---- Active Sensor Suite V3-11A's Pendant Peak State ------------ > --- POWER ------------ (None) > --- PROPULSION ------- Improved Medium Treads Improved Medium Treads > --- UTILITY ---------- Core Analyzer > --- WEAPON ----------- Magnetic Acceleration Cannon Companion Sword > --- INVENTORY -------- Active Sensor Suite V3-11A's Pendant [Rating: 28] Favorites ----------- Power Light Ion Engine Engine Light Ion Engine Propulsion Aluminum Leg Treads Improved Medium Treads Leg Aluminum Leg Utility V3-11A's Pendant Device V3-11A's Pendant Processor Core Analyzer Weapon Barrage Gun Ballistic Gun Barrage Gun Ballistic Cannon Magnetic Acceleration Cannon Slashing Weapon Companion Sword Build | -11 -10 -10 -8 ------- Run | Yrd Mat Sub Scr Slots Evolved . | . . . . Power . | . . . . Propulsion . | . . . . Utility . | . . . . Weapon . | . . . . Parts Attached 15 | 5 . 4 6 Power 1 | 1 . . . Engine 1 | 1 . . . Core . | . . . . Reactor . | . . . . Propulsion 5 | 2 . . 3 Treads 3 | . . . 3 Leg 2 | 2 . . . Wheel . | . . . . Hover . | . . . . Flight . | . . . . Utility 2 | . . 1 1 Device 1 | . . 1 . Storage . | . . . . Processor 1 | . . . 1 Hackware . | . . . . Protection . | . . . . Artifact . | . . . . Weapon 7 | 2 . 3 2 Energy Gun . | . . . . Energy Cannon . | . . . . Ballistic Gun 5 | 2 . 3 . Ballistic Cannon 1 | . . . 1 Launcher . | . . . . Special Weapon . | . . . . Impact Weapon . | . . . . Slashing Weapon 1 | . . . 1 Piercing Weapon . | . . . . Special Melee Weapon . | . . . . Unidentified Prototypes 2 | . . 1 1 Parts Lost 6 | . . 3 3 Power 1 | . . 1 . Propulsion 3 | . . 1 2 Utility . | . . . . Weapon 2 | . . 1 1 Highest Loss Streak 3 | . . 1 3 To Critical Strikes 1 | . . 1 . Average Backups 2 | . . 2 2 Power . | . . . . Propulsion . | . . . . Utility . | . . . 1 Weapon 1 | . . 2 1 Tool/Special . | . . . . Unused Backups 1 | . . . 1 Power . | . . . . Propulsion . | . . . . Utility 1 | . . . 1 Weapon . | . . . . Tool/Special . | . . . . Average Slot Usage (%) 64 | . 71 66 61 Engine 5 | . 14 8 . Treads 8 | . . . 19 Leg 10 | . 28 16 1 Device 8 | . . 13 1 Processor 5 | . . . 12 Ballistic Gun 18 | . 28 27 6 Ballistic Cannon 3 | . . . 9 Slashing Weapon 3 | . . . 9 Peak Build Rating 28 | 5 5 12 28 Average Rating 14 | 3 5 9 21 On Entrance 4 | . 5 5 9 Naked Turns . | . . . . Heaviest Build 12 | 7 7 9 12 Greatest Support 60 | 20 20 20 60 Greatest Overweight (x) 1 | 1 . . 1 Average Overweight (x) . | . . . . Largest Inventory Capacity 5 | 5 5 5 5 Average Capacity 5 | 5 5 5 5 Most Carried 5 | 2 . 3 5 Average Carried 2 | . . 2 3 Final Capacity 5 | 5 5 5 5 Final Carried 4 | . . 2 4 Class Distribution -------------------- 100% | Mutant Dominant Class ---------------- Mutant | -10/Materials Mutant | -10/Subcaves Mutant | -8/Scraptown Resources | -11 -10 -10 -8 ----------- Run | Yrd Mat Sub Scr Matter Collected 710 | 249 43 143 275 Remotely . | . . . . Salvage Created 173 | 64 22 . 87 Parts 7 | . 1 . 6 Haulers Intercepted . | . . . . Recyclers Shooed 3 | 1 2 . . Parts Field Recycled . | . . . . Retrieved Matter . | . . . . Parts Self-Destructed 12 | . . 12 . Prevented . | . . . . Kills | -11 -10 -10 -8 ------- Run | Yrd Mat Sub Scr Combat Hostiles Destroyed 3 | . . . 3 Cannons 3 | . . . 3 Classes Destroyed 4 | 1 1 . 2 Tunneler 1 | . 1 . . Recycler 1 | 1 . . . Federalist 2 | . . . 2 Explorer 1 | . . . 1 Best Kill Streak 2 | 1 1 . 2 Combat Bots Only 2 | . . . 2 Max Kills in Single Turn 1 | 1 1 . 1 Gunslinging . | . . . . Exploded . | . . . . Melee . | . . . . Uniques/NPCs Destroyed . | . . . . Combat | -11 -10 -10 -8 -------- Run | Yrd Mat Sub Scr Hostile Shots Fired 95 | . . 47 48 Missed 26 | . . 16 10 Hits 69 | . . 31 38 Projectile 69 | . . 31 38 Critical Strikes 3 | . . 2 1 Damage Taken 915 | . . 425 490 Core 255 | . . 64 191 Absorbed by Shields . | . . . . Core Remaining (%) 100 | 100 . . . Volleys Fired 52 | 3 4 24 21 Largest 2 | 2 2 2 1 Hottest 53 | 40 40 53 44 Shots Fired 82 | 6 8 47 21 Gun 61 | 6 8 47 . Cannon 21 | . . . 21 Launcher . | . . . . Special . | . . . . Kinetic 82 | 6 8 47 21 Thermal . | . . . . Explosive . | . . . . Electromagnetic . | . . . . Robot Hit Streak 6 | 4 6 6 3 Robot Miss Streak 4 | 1 1 4 2 Penetration Max . | . . . . Secondary Targets . | . . . . Shots Hit Robots 30 | 4 6 10 10 Core Hits 12 | 1 4 3 4 Critical Kills . | . . . . Critical Parts Destroyed . | . . . . Critical Strikes 1 | . . . 1 Blast 1 | . . . 1 Melee Attacks . | . . . . Impact . | . . . . Slashing . | . . . . Piercing . | . . . . Sneak Attacks . | . . . . Combat Hostiles . | . . . . Follow-up Attacks . | . . . . Damage Inflicted 563 | 53 74 143 293 Guns 270 | 53 74 143 . Cannons 293 | . . . 293 Explosions . | . . . . Melee . | . . . . Ramming . | . . . . Kinetic 563 | 53 74 143 293 Thermal . | . . . . Explosive . | . . . . Electromagnetic . | . . . . Impact . | . . . . Slashing . | . . . . Piercing . | . . . . Highest Corruption . | . . . . Average Corruption . | . . . . Corruption Purged . | . . . . Corruption Blocked . | . . . . Overload Shots . | . . . . Overflow Damage . | . . . . Projectiles . | . . . . Explosions . | . . . . Melee . | . . . . Knockbacks . | . . . . Impact . | . . . . Kinetic . | . . . . Secondary . | . . . . Self-Inflicted Damage . | . . . . Shots . | . . . . Rammed . | . . . . Targets Rammed . | . . . . Kicked . | . . . . Crushed . | . . . . Highest Temperature 12 | . . 4 12 Average Temperature 5 | . . 4 6 Received Heat Transfer 310 | . . 135 175 Siege Activations . | . . . . Martial Activations . | . . . . Shielding Activations . | . . . . Robots Disrupted . | . . . . Combat Hostiles . | . . . . Robots Corrupted . | . . . . Combat Hostiles . | . . . . Parts Fried . | . . . . Impact Corruptions . | . . . . Robots Melted . | . . . . Combat Hostiles . | . . . . Parts Melted . | . . . . Heat Transferred . | . . . . Parts Sabotaged . | . . . . Parts Stolen . | . . . . Parts Stripped . | . . . . Power Chain Reactions . | . . . . Alert | -11 -10 -10 -8 ------- Run | Yrd Mat Sub Scr Maximum Alert Level . | . . . . Low Security (%) 100 | 100 100 . . Level 1 . | . . . . Level 2 . | . . . . Level 3 . | . . . . Level 4 . | . . . . Level 5 . | . . . . High Security . | . . . . Max Security . | . . . . Peak Influence 5 | 5 5 . . Initial . | . . . . Average . | . . . . Influence Increases 326 | 5 5 316 . Destroy 0b10 Robot/C 220 | . . 220 . Destroy 0b10 Robot/NC 10 | 5 5 . . Destroy Leader 20 | . . 20 . Allied During Kill 76 | . . 76 . Influence Decreases 326 | 5 5 316 . Time Decay 296 | 5 5 286 . Lost Part 10 | . . 10 . Lost Ally 20 | . . 20 . Squads Dispatched . | . . . . Investigation . | . . . . Extermination . | . . . . Reinforcement . | . . . . Assault . | . . . . Garrison . | . . . . Intercept . | . . . . Searches Triggered . | . . . . Construction Impeded . | . . . . Haulers Reinforced . | . . . . Active Scanning Responses . | . . . . Cargo Convoy Interrupts . | . . . . Stealth | -11 -10 -10 -8 --------- Run | Yrd Mat Sub Scr Distress Signals 1 | . 1 . . Communications Jammed . | . . . . Distress Signals . | . . . . Times Spotted 43 | . . 21 22 Peak Tracking Total 6 | . . 3 6 Tactical Retreats . | . . . . Traps | -11 -10 -10 -8 ------- Run | Yrd Mat Sub Scr Traps Triggered 2 | . . 2 . Indirectly . | . . . . Trap Hack Attempts . | . . . . Triggered . | . . . . Disarmed . | . . . . Reprogrammed . | . . . . Reused . | . . . . Traps Extracted . | . . . . Installed . | . . . . Triggered . | . . . . Machines | -11 -10 -10 -8 ---------- Run | Yrd Mat Sub Scr Machines Disabled 3 | . . 2 1 Max in Single Turn 1 | . . 1 1 Machines Repaired . | . . . . Machines Dismantled . | . . . . Machines Sabotaged . | . . . . Overloaded Fab Kills . | . . . . Hacking | -11 -10 -10 -8 --------- Run | Yrd Mat Sub Scr Machines Accessed 7 | . . 2 5 Terminals . | . . . . Fabricators . | . . . . Repair Stations . | . . . . Recycling Units . | . . . . Scanalyzers . | . . . . Garrison Access . | . . . . Total Hacks 40 | . . 12 28 Successful 40 | . . 12 28 Failed . | . . . . Catastrophic . | . . . . Database Lockouts . | . . . . Manual . | . . . . Terminals . | . . . . Fabricators . | . . . . Repair Stations . | . . . . Recycling Units . | . . . . Scanalyzers . | . . . . Garrison Access . | . . . . Terminal Hacks 40 | . . 12 28 Record 37 | . . 11 26 Open Door 1 | . . . 1 Proto ID Catalog 2 | . . 1 1 Fabricator Hacks . | . . . . Repair Station Hacks . | . . . . Recycling Unit Hacks . | . . . . Scanalyzer . | . . . . Garrison Access Hacks . | . . . . Unauthorized Hacks . | . . . . Terminals . | . . . . Fabricators . | . . . . Repair Stations . | . . . . Recycling Units . | . . . . Scanalyzers . | . . . . Garrison Access . | . . . . Data Cores Recovered . | . . . . Used . | . . . . Hacking Detections . | . . . . Full Trace Events . | . . . . Feedback Events . | . . . . Feedback Blocked . | . . . . Robot Schematics Acquired . | . . . . Robots Built . | . . . . Authchips . | . . . . Time . | . . . . Total Robot Build Rating . | . . . . Part Schematics Acquired . | . . . . Parts Built . | . . . . Authchips . | . . . . Time . | . . . . Total Part Build Rating . | . . . . Parts Repaired . | . . . . Time . | . . . . Parts Recycled . | . . . . Recycled Matter . | . . . . Retrieved Matter . | . . . . Retrieved Components . | . . . . Parts Scanalyzed . | . . . . Part Schematics Acquired . | . . . . Parts Damaged . | . . . . Bothacking | -11 -10 -10 -8 ------------ Run | Yrd Mat Sub Scr Used RIF Installer . | . . . . Robots Hacked . | . . . . Non-combat . | . . . . Combat . | . . . . Robot Hacks Applied . | . . . . Relay Couplers Released . | . . . . Fabnet Peak Effective % . | . . . . Robots Rewired . | . . . . Allies Hacked . | . . . . Hacks Repelled . | . . . . Allies | -11 -10 -10 -8 -------- Run | Yrd Mat Sub Scr Total Allies 13 | . . 13 . Largest Group 11 | . . 11 11 Highest-Rated Group 209 | . . 209 209 Highest-Rated Ally 19 | . . 19 19 Total Orders . | . . . . Ally Attacks 146 | . . 49 97 Total Damage 2537 | . . 808 1729 Kills 31 | . . 11 20 Allies Corrupted . | . . . . Allies Melted 7 | . . . 7 Intel | -11 -10 -10 -8 ------- Run | Yrd Mat Sub Scr Active Infowar (turns) . | . . . . Robot Analysis Total . | . . . . Derelict Logs Recovered . | . . . . Drone Launches . | . . . . Drone Recoveries . | . . . . Exploration | -11 -10 -10 -8 ------------- Run | Yrd Mat Sub Scr Turns Passed 4857 | 70 112 2668 2007 Spaces Moved 2962 | 50 55 1898 959 Core 26 | 24 . . 2 Treads 787 | . . . 787 Legs 2149 | 26 55 1898 170 Wheels . | . . . . Hover . | . . . . Flight . | . . . . Fastest Speed 50 | 50 120 120 100 Average Speed 130 | 103 120 120 152 Slowest Speed 160 | 120 120 120 160 Overloaded Moves . | . . . . Propulsion Burnouts . | . . . . Robots Hopped . | . . . . Potential Cave-ins . | . . . . Cave-ins Triggered . | . . . . Exploration Rate (%) 43 | 3 11 87 71 Regions Visited 3 Branch Regions 2 Pre-discovered Areas 1 | . . 1 . Known Exits Taken . | . . . . Unknown Exits Taken 3 | 1 1 1 . Scrap Searched 16 | . . 8 8 Spaces Dug . | . . . . Terrain Destroyed . | . . . . Melee . | . . . . Projectile . | . . . . AOE . | . . . . Terrain Rammed . | . . . . Walls Destroyed . | . . . . Machines Disabled . | . . . . Actions | -11 -10 -10 -8 --------- Run | Yrd Mat Sub Scr Total 3881 | 62 93 2244 1482 Wait 828 | . 35 313 480 Move 2959 | 49 54 1897 959 Hop . | . . . . Pick Up 14 | 5 . 4 5 Fast Attach 2 | . . . 2 Attach 12 | 5 . 3 4 Detach 4 | . . 1 3 Swap 4 | . . 2 2 Drop 6 | . . . 6 Fire 52 | 3 4 24 21 Melee . | . . . . Ram . | . . . . Kick . | . . . . Crush . | . . . . Escape Stasis . | . . . . Rewire . | . . . . Trap . | . . . . Miscellaneous . | . . . . Route ------- -11/Scrapyard -10/Materials -10/Subcaves (discovered 4 exits: [*Mat x2] / [*Rec] / *Scr) -8/Scraptown (discovered 2 exits: *Fac x2) History --------- Turn | Location | Event 21 | -11/Scrapyard | Discovered new exit (range 15) 71 | -11/Scrapyard | Entered Materials 72 | -10/Materials | Met a group of wandering Federalists 147 | -10/Materials | Discovered new exit (range 5) 183 | -10/Materials | Entered Subcaves 184 | -10/Subcaves | Continued accompanying wandering Federalists (4) 184 | -10/Subcaves | Approached by a straggling Scientist 300 | -10/Subcaves | Build established: Mutant 319 | -10/Subcaves | Visited triangular shrine 330 | -10/Subcaves | Found Prototype Device 333 | -10/Subcaves | Identified V3-11A's Pendant 339 | -10/Subcaves | Befriended Subdweller 400 | -10/Subcaves | Learned location of Zion (-7) 400 | -10/Subcaves | Met a Zionite searching for "candidates" 421 | -10/Subcaves | Befriended Subdweller 426 | -10/Subcaves | Befriended Subdweller 661 | -10/Subcaves | Befriended Subdweller 779 | -10/Subcaves | Disturbed a concealed Subdweller 781 | -10/Subcaves | Befriended Subdweller 846 | -10/Subcaves | Befriended Subdweller 857 | -10/Subcaves | Discovered new exit (range 8) 941 | -10/Subcaves | Befriended Subdweller 966 | -10/Subcaves | Befriended Subdweller 993 | -10/Subcaves | Shifting Twisted Machinery released Battle Rifle 1016 | -10/Subcaves | Shifting Twisted Machinery released Sub. Power Source 1020 | -10/Subcaves | Shifting Twisted Machinery released Battle Rifle 1041 | -10/Subcaves | Befriended Subdweller 1081 | -10/Subcaves | Befriended Subdweller 1240 | -10/Subcaves | Visited Clippyterm 1244 | -10/Subcaves | Learned Factory stockpile data 1332 | -10/Subcaves | Visited 4L-MR0's lab 1664 | -10/Subcaves | Discovered new exit (range 8) 1746 | -10/Subcaves | Befriended Subdweller 1761 | -10/Subcaves | Befriended Subdweller 1998 | -10/Subcaves | Discovered new exit (range 16) 2105 | -10/Subcaves | Shifting Twisted Machinery released Sub. Optics 2121 | -10/Subcaves | Befriended Subdweller 2851 | -10/Subcaves | Entered Scraptown 2851 | -8/Scraptown | Accompanied by 11 allies 3254 | -8/Scraptown | Discovered new exit (range 13) 3299 | -8/Scraptown | Visited Bundlers 3389 | -8/Scraptown | Visited Symbiants 3416 | -8/Scraptown | Visited TADAMA 3458 | -8/Scraptown | Visited UFD Registry 3458 | -8/Scraptown | Registered with UFD as "Fissionwarp" 3515 | -8/Scraptown | Visited Sword Containment 3598 | -8/Scraptown | Visited Infowarlord's Domain 3607 | -8/Scraptown | Found Active Sensor Suite 3633 | -8/Scraptown | Visited Curators Association 3718 | -8/Scraptown | Visited Science Guys 3768 | -8/Scraptown | Visited Supply Room 3828 | -8/Scraptown | Visited Scrapoid Research Area 3852 | -8/Scraptown | Visited Derelict Rescue Squad 3891 | -8/Scraptown | Visited Junk Repository 3939 | -8/Scraptown | Visited DA-N13 Charitable Foundation 3947 | -8/Scraptown | Found DCF Scrap (29 items) 3981 | -8/Scraptown | Visited Scrap Suit Storage 4134 | -8/Scraptown | Met Optimus 4134 | -8/Scraptown | Accepted into 0bPrime 4534 | -8/Scraptown | Civil war broke out across Scraptown 4589 | -8/Scraptown | Lost 3 allies 4670 | -8/Scraptown | Identified exit to Factory 4684 | -8/Scraptown | Lost 3 allies 4831 | -8/Scraptown | Lost 10 allies 4848 | -8/Scraptown | Core integrity fell below 50% 4854 | -8/Scraptown | Core integrity fell below 20% 4858 | -8/Scraptown | Destroyed by T9-YOX(h) with Bolt Gun Last Messages --------------- Acquired 6 matter. Penetrated by Bolt. D3-NWL(g) switches sides. D3-NWL(g) destroyed. Acquired 2 matter. Penetrated by Bolt. Magnetic Acceleration Cannon destroyed. ZO-56P(g) destroyed. Penetrated by Bolt. DK-574(j) destroyed. Imp. Medium Treads destroyed. Penetrated by Bolt. G2-JNI(j) heat damages Ovr. Pulse Rifle. Penetrated by Bolt. Critical hit (Burn: +50). Imp. Medium Treads destroyed. Penetrated by Bolt. JG-V1N(R) destroyed. T5-0U2(R) destroyed. Penetrated by Bolt. Map ----- +----------------------------------------------------+ | =%%=%=%= #???????#" | | !*%=! ! #???????#" | | !! =[= #???????#" %= | | %[[%%=[ [ #???????#" | | %#=#!##%! #????#### !%& | | &= [%=#![ #????""" ="""""""""""""""""" | | !%![*=#% #????""" """""""""""""""""" | | ! # #????"""" ! ""###### ######## | | # =* #???#"""" %= # ##? | | """"" " !%[= #???#"""" = ""# X"#? | | """" " !%! ###?#"""" ""# "" "" ##? | | """" " =* ""#"#""""% ""# "" "" X"#? | | " """"#""""=* ""# " " ### | | " %! %[= "#######"%! "" "" | | #######" == *![!###?????#"! "" "" | | ??????#" !%= [=%%######### "# " " ### | | ??????#" !*[ !!=%=[ "# "" "" ""#? | | ??????#" = [% ! "# "" "" ##? | | ??????##!!= ![ %/ ""# X"#? | | ???????#*!%! !%[ =%* [ % "# ##? | | ????#%=[%![ TT ! [ =%= "###### ######## | | ? *%!%[== = TT ! != """""""""""""""""" | | ==!==% =%[ %&| [ !%!!""""""""""" """"" | | !==!!== !! &% [[%!j*h%*%= | | %!! ! =%%! !!! ! * | | !=/ % =@=% %[= ** !% | | %* !%[ #""""#"= %!![![%% = & | | [% = #????#" = =%*=![ *% | | ? ! % #????#"""" " """""""" """"" | | ?##%#"#####""[=[=##"#????####### ########### ##### | | ??"!= ????## "!%*"###????????# == #???# [ #?? | | ???? ??????###!!%#???????????# %! #???# #?? | | ?????????????" [#???????????# #???# #?? | | ????????????## [ #???????????###X ####???# #?? | | ?????????????# ???????????##### #####??# #?? | | ?????????????? ???????????# #??# #?? | | ????????????????????????????# #??# #?? | | ????????????????????????????# #??# #?? | | ????????????????????????????# #??#######?? | | ????????????????????????????# #??????????? | | ????????????????????????????# #??????????? | | ????????????????????????????###########??????????? | | ?????????????????????????????????????????????????? | | ?????????????????????????????????????????????????? | | ?????????????????????????????????????????????????? | | ?????????????????????????????????????????????????? | | ?????????????????????????????????????????????????? | | ?????????????????????????????????????????????????? | | ?????????????????????????????????????????????????? | | ?????????????????????????????????????????????????? | +----------------------------------------------------+ Best States ------------- Heat Dissipation 25 Energy Generation 10 Energy Capacity 125 Matter Stores 300 Matter Capacity 300 Sight Range 16 Terrain Scan Density 10 Evasion (%) 55 Core Analysis 6 Recoil Reduction 2 Item Schematics ----------------- None Robot Schematics ------------------ None Fabricated ------------ Nothing Repaired ---------- Nothing Alien Tech Used ----------------- None Achievements -------------- None Challenges ------------ None Game ------ Seed NodeSensorAnalyzer Manual? 0 Play Time 00:26:24 Cumulative 158.6 hours Start 2025.09.23 @ 21:08:04 End 2025.09.23 @ 21:33:33 Sessions 1 Manual Loads 0 Difficulty Rogue Special Mode None Game No. 514 Rogue 513 Adventurer 1 Explorer 0 Win Type - Total 0 Types 0/0/0/0/0/0/0/0/0/0 Lore% 56 Gallery% 53 Achievement% 42 Wizard Run 0 Options --------- Layout 1 ASCII 0 Keyboard 0 Movement Mouse Keybinds 0 Fullscreen 2 Font 24/Smallcaps Map View 50x35 Zoom Use 0% Tactical HUD 0 Map Filters NONE Filters NONE Steam 1 RUN: 4ce12fe7-0711-472e-ba27-75e1fd893cf8